AoeStats
← CazadorGT

Arabia

508529453Analyzed
2v2 RM · 10d ago on Sep 22, 2026· 20m 41s· 4 players
Game mode
Random Map
Map size
Medium (4 player)
Population
200
Speed
Normal
Resources
Standard
Victory
Conquest
Starting age
Dark Age
Ending age
Imperial Age
RankedLock teamsTeams togetherTeam positionsShared explorationLock speedFull tech treeHidden civsTurbo modeCheats
Victory
Defeat
🇲🇽 Khitans · Mexico
1130
+16
🇻🇪 Franks · Venezuela
1112
+16
🇬🇹 Britons · Guatemala
1155
-17
🇻🇪 Franks · Venezuela
1087
-15
SAGAS9447
9:40 Loom
12:16 Feudal Age
18:22 Castle Age
17:07 Domestication
17:21 Double-Bit Axe
19:29 Bow Saw
kevinrgarciab
7:13 Loom
9:25 Feudal Age
9:51 Double-Bit Axe
20:36 Scale Barding Armor
CazadorGT
6:22 Loom
8:48 Feudal Age
15:04 Fletching
18:40 Double-Bit Axe
dejame_ganar
6:30 Loom
9:19 Feudal Age
10:01 Double-Bit Axe
Connection lost

Rejoining the realm…

Still unreachable

The connection could not be restored.

Session expired

The server has moved on; the page needs a fresh start.